 Dungeon Crawl Stone Soup version 0.29.0-4-gdea44cf6ec (webtiles) character file.

Game seed: 7980815867862359979

32315 qw the Brawler (level 13, -2/127 HPs)
             Began as a Troll Cinder Acolyte on Aug 31, 2022.
             Was an Initiate of Okawaru.
             Slain by an eight-headed hydra (4 damage)
             ... on level 5 of the Lair of Beasts.
             The game lasted 00:07:18 (13257 turns).

qw the Brawler (Troll Cinder Acolyte)              Turns: 13257, Time: 00:07:19

Health: -2/127     AC: 11    Str: 33    XL:     13   Next: 30%
Magic:  13/13      EV: 12    Int: 12    God:    Okawaru [......]
Gold:   1751       SH: 15    Dex: 12    Spells: 14/14 levels left

rFire   . . .      SeeInvis .     - Unarmed
rCold   x . .      Faith    .   r - +0 tower shield
rNeg    . . .      Spirit   .   e - +2 robe of Eternal Night {rPois rC- Str+4 Dex+7}
rPois   +          Reflect  .   m - +2 hat
rElec   .          Harm     .   s - +2 cloak
rCorr   +          Rampage  .   (gloves unavailable)
Will    +....                   (boots unavailable)
Stlth   +.........              q - amulet of regeneration
HPRegen 1.91/turn               o - ring of Trepidation {Will+ EV+4 Int+6}
MPRegen 0.13/turn               v - ring of Tosoan {rPois rF+ rCorr Int-4}

@: about to teleport, frozen, fire susceptible, very slow
A: large, unfitting armour, claws 3, regeneration 1, shaggy fur 1, tough skin 1
a: Renounce Religion


You were on level 5 of the Lair of Beasts.
You worshipped Okawaru.
Okawaru was noncommittal.
You visited 3 branches of the dungeon, and saw 17 of its levels.
You also visited: Gauntlet.

You collected 2101 gold pieces.
You spent 350 gold pieces at shops.


Innate Abilities, Weirdness & Mutations

You are too large for most types of armour.
You have claws for hands.
Your natural rate of healing is unusually fast.
You are covered in fur. (AC +1)
You have tough skin. (AC +1)


   Skills:
 - Level 8.0 Fighting
 - Level 2.1 Throwing
 - Level 1.5 Armour
 - Level 4.0 Dodging
 + Level 9.3 Shields
 - Level 18.0 Unarmed Combat
 - Level 1.0 Spellcasting
 - Level 2.1 Fire Magic


You had 14 spell levels left.
You didn't know any spells.
Your spell library contained the following spells:

 Spells                   Type           Power      Damage    Failure   Level
 Scorch                   Fire           10%        2d5       61%         2

Inventory:

Missiles
 l - 3 javelins (quivered)
Armour
 e - the +2 robe of Eternal Night (worn) {rPois rC- Str+4 Dex+7}
   (You found it on level 2 of the Dungeon)

   Str:       It affects your strength (+4).
   Dex:       It affects your dexterity (+7).
   rC:        It makes you vulnerable to cold.
   rPois:     It protects you from poison.
 m - a +2 hat (worn)
 r - a +0 tower shield (worn)
 s - a +2 cloak (worn)
Jewellery
 h - a +6 ring of dexterity
 o - the ring of Trepidation (left claw) {Will+ EV+4 Int+6}
   (You found it in a Gauntlet)

   [ring of evasion]

   EV:        It affects your evasion (+4).
   Int:       It affects your intelligence (+6).
   Will:      It increases your willpower.
 q - an amulet of regeneration (around neck)
 v - the ring of Tosoan (right claw) {rPois rF+ rCorr Int-4}
   (You found it in a Gauntlet)

   [ring of resist corrosion]

   Int:       It affects your intelligence (-4).
   rF:        It protects you from fire.
   rPois:     It protects you from poison.
   rCorr:     It protects you from acid and corrosion.
 Y - a ring of protection from cold
Scrolls
 c - 8 scrolls of identify
 f - 4 scrolls of enchant weapon
 i - a scroll of brand weapon
 n - 4 scrolls of teleportation
 t - 2 scrolls of enchant armour
Potions
 a - 2 potions of haste
 b - 3 potions of might
 g - 4 potions of heal wounds
 j - 3 potions of mutation
 k - a potion of curing
 p - a potion of resistance

Dungeon Overview and Level Annotations

Branches:
Dungeon (11/15)            Temple (1/1) D:4            Lair (4/5) D:11
  Swamp (0/4) Lair:2        Snake (0/4) Lair:3          Orc (0/2) D:10
Gauntlet (visited)
  Slime: Lair:4-5

Altars:
Ashenzari
Cheibriados
Dithmenos
Elyvilon
Fedhas
Gozag
Hepliaklqana
Kikubaaqudgha
Makhleb
Nemelex Xobeh
Okawaru
Qazlal
Ru
Sif Muna
Trog
Uskayaw
Vehumet
Wu Jian
Xom
Yredelemnul
Zin
The Shining One

Shops:
D:1 (   D:7 ?

Portals:
Trove: D:11 (lose all piety)

Annotations:
D:1 2 transporters
D:4 1 transporter, qw's ghost, novice TeWr
D:8 3 runed translucent doors, qw's ghost, novice TeWr


Message History

You block the seven-headed hydra's attack.
The seven-headed hydra bites you!
The seven-headed hydra bites you but does no damage.
You block the seven-headed hydra's attack.
The seven-headed hydra bites you but does no damage. x2
You completely miss the seven-headed hydra.
The seven-headed hydra is heavily wounded.
The rime drake closely misses you.
A water moccasin comes into view.
The seven-headed hydra bites you.
The seven-headed hydra bites you but does no damage.
The seven-headed hydra misses you.
You block the seven-headed hydra's attack.
The seven-headed hydra barely misses you.
The seven-headed hydra bites you. x2
The water moccasin hisses angrily.
You rip one of the seven-headed hydra's heads off!
The six-headed hydra grows two more!
You claw the eight-headed hydra!
The eight-headed hydra is heavily wounded.
You block the rime drake's attack. The eight-headed hydra bites you!
The eight-headed hydra bites you.
The eight-headed hydra bites you but does no damage.
You block the eight-headed hydra's attack.
The eight-headed hydra misses you.
You block the eight-headed hydra's attack.
The eight-headed hydra completely misses you.
The eight-headed hydra barely misses you.
13256 ||| Stepping ~*~*~tactically~*~*~ (outnumbered).
The rime drake breathes ice at you. The flash freeze hits you!!
You feel a painful chill!
You are encased in ice.
13257 ||| READING 5 scrolls of teleportation.
As you read the scroll of teleportation, it crumbles to dust.
You feel strangely unstable.
The eight-headed hydra completely misses you.
The eight-headed hydra closely misses you.
The eight-headed hydra barely misses you.
The eight-headed hydra bites you. The eight-headed hydra bites you!
The eight-headed hydra bites you.
You die...

.................
.................
...............#.
.................
.....).....S...(#
........%#......#
..PP....S......##
......k.kDS....##
......###@......#
...k.##....P...##
#..##....PP...7#
#S #......P#.## k
.........###
.........#
.........P
..#.#..###


You could see an eight-headed hydra, 2 rime drakes and 3 water moccasins.

Vanquished Creatures
  Gastronok (D:8)
  A minotaur (Gauntlet)
  A green death (Gauntlet)
  Fannar (D:10)
  A hydra (Lair:3)
  A boulder beetle (Lair:5)
  A catoblepas (Lair:3)
  3 two-headed ogres
  Sonja (Lair:2)
  Nergalle (Lair:2)
  A manticore (D:8)
  2 black mambas
  9 cane toads
  An orange demon (Gauntlet)
  A torpor snail (Gauntlet)
  3 rime drakes
  An unseen horror (D:11)
  2 komodo dragons
  5 trolls
  2 slime creatures (Gauntlet)
  3 blink frogs (Lair:4)
  3 shadows
  A vampire (D:11)
  46 yaks
  6 wyverns
  Eustachio (D:5)
  A basilisk (Lair:2)
  2 fire elementals (Lair:4)
  Grum (D:8)
  5 steam dragons
  2 nagas (Lair:3)
  An acid dragon (D:11)
  An ice beast (D:6)
  5 water moccasins
  3 orc warriors
  2 black bears (D:6)
  2 sky beasts (D:7)
  2 ogres
  7 wolves
  4 centaurs
  2 kobold brigands
  A gnoll sergeant (D:11)
  9 bullfrogs
  2 scorpions
  A necrophage (D:5)
  11 wights
  5 howler monkeys
  5 electric eels
  3 jellies (Gauntlet)
  A gnoll bouda (D:4)
  7 hounds
  5 orc priests
  An iguana (D:5)
  11 orc wizards
  14 gnolls
  2 adders
  A worm (D:2)
  2 dart slugs
  23 orcs
  9 endoplasms
  4 giant cockroaches
  7 goblins
  3 hobgoblins
  10 jackals
  5 quokkas
  4 ball pythons
  16 bats
  3 frilled lizards (D:1)
  22 kobolds
  4 rats
330 creatures vanquished.

Vanquished Creatures (others)
  10 fungi
  14 plants
24 creatures vanquished.

Grand Total: 354 creatures vanquished

Notes
Turn   | Place    | Note
-------+----------+-------------------------------------------
     0 | D:1      | qw the Troll Cinder Acolyte began the quest for the Orb.
     0 | D:1      | Reached XP level 1. HP: 22/22 MP: 1/1
     0 | D:1      | 0 ||| qw: Version: 0.1-a-97-g2dd2ca4
     0 | D:1      | 0 ||| qw: Game counter: 4584
     0 | D:1      | 0 ||| qw: Always use a shield: true
     0 | D:1      | 0 ||| qw: God list: Okawaru
     0 | D:1      | 0 ||| qw: Allow faded altars: false
     0 | D:1      | 0 ||| qw: Do Orc after D:15 true
     0 | D:1      | 0 ||| qw: Do second Lair branch before Depths: true
     0 | D:1      | 0 ||| qw: Lair rune preference: random
     0 | D:1      | 0 ||| qw: Plans: Normal
     0 | D:1      | 0 ||| PLANNING D:1-11
   146 | D:1      | 146 ||| Stepping ~*~*~tactically~*~*~ (stealth).
   147 | D:1      | 147 ||| Stepping ~*~*~tactically~*~*~ (stealth).
   182 | D:1      | Reached XP level 2. HP: 29/29 MP: 2/2
   187 | D:1      | 187 ||| Stepping ~*~*~tactically~*~*~ (stealth).
   188 | D:1      | 188 ||| Stepping ~*~*~tactically~*~*~ (stealth).
   195 | D:1      | 195 ||| Stepping ~*~*~tactically~*~*~ (stealth).
   273 | D:1      | Reached skill level 4 in Unarmed Combat
   340 | D:1      | 340 ||| Stepping ~*~*~tactically~*~*~ (stealth).
   454 | D:1      | Found Focit's Weapon Shop.
   502 | D:1      | Found a faded altar of an unknown god.
   615 | D:1      | 615 ||| READING 3 scrolls labelled ZAODONIYZU.
   616 | D:1      | 616 ||| READING scroll labelled QITOBR VAKUI.
   691 | D:2      | Reached XP level 3. HP: 36/36 MP: 3/3
   807 | D:2      | 807 ||| Stepping ~*~*~tactically~*~*~ (stealth).
   809 | D:2      | 809 ||| Stepping ~*~*~tactically~*~*~ (outnumbered).
   852 | D:2      | Identified the +2 robe of Eternal Night {rPois rC- Str+4
                  | Dex+7}
   885 | D:2      | 885 ||| Stepping ~*~*~tactically~*~*~ (hiding).
   886 | D:2      | 886 ||| Stepping ~*~*~tactically~*~*~ (hiding).
  1506 | D:2      | 1506 ||| UPGRADING to +2 robe of Eternal Night {rPois rC-
                  | Str+4 Dex+7}.
  1516 | D:2      | 1516 ||| DROPPING +0 robe.
  1517 | D:2      | 1517 ||| DROPPING scarf of shadows.
  1518 | D:2      | 1518 ||| READING scroll labelled LUFAMU VAT COPH.
  1519 | D:2      | 1519 ||| READING scroll labelled YNOELEICIG.
  1520 | D:2      | 1520 ||| READING scroll labelled NEUVOHA CITHIE.
  1521 | D:2      | 1521 ||| READING 2 scrolls of identify.
  1521 | D:2      | 1521 ||| IDENTIFYING viscous sapphire potion
  1522 | D:2      | 1522 ||| DROPPING potion of lignification.
  1602 | D:3      | 1602 ||| Stepping ~*~*~tactically~*~*~ (hiding).
  1604 | D:3      | 1604 ||| Stepping ~*~*~tactically~*~*~ (stealth).
  1614 | D:3      | Reached XP level 4. HP: 35/44 MP: 4/4
  1698 | D:3      | Reached skill level 5 in Unarmed Combat
  1699 | D:3      | 1699 ||| Stepping ~*~*~tactically~*~*~ (stealth).
  1700 | D:3      | 1700 ||| Stepping ~*~*~tactically~*~*~ (stealth).
  2233 | D:3      | 2233 ||| READING 3 scrolls labelled VUUC MASU JAZU.
  2234 | D:3      | 2234 ||| READING scroll labelled AGYAPIOGRIBB.
  2235 | D:3      | 2235 ||| READING scroll labelled SADO RUGUKH.
  2236 | D:3      | 2236 ||| READING scroll labelled JINAECU MISIPS.
  2237 | D:3      | 2237 ||| DRINKING 2 murky silvery potions.
  2238 | D:3      | 2238 ||| READING 2 scrolls of identify.
  2238 | D:3      | 2238 ||| IDENTIFYING purple potion
  2239 | D:3      | 2239 ||| DROPPING potion of invisibility.
  2322 | D:4      | 2322 ||| INVOKING Fiery Armour.
  2327 | D:4      | 2327 ||| Stepping ~*~*~tactically~*~*~ (outnumbered).
  2331 | D:4      | Reached skill level 1 in Dodging
  2345 | D:4      | Reached XP level 5. HP: 20/50 MP: 5/5
  2433 | D:4      | Found a transporter.
  2435 | D:4      | Noticed qw's ghost (novice TeWr)
  2435 | D:4      | Noticed an ogre
  2437 | D:4      | Noticed an ogre
  2600 | D:4      | Reached skill level 6 in Unarmed Combat
  2724 | D:4      | 2724 ||| Stepping ~*~*~tactically~*~*~ (stealth).
  2836 | D:4      | Found a staircase to the Ecumenical Temple.
  3114 | D:4      | 3114 ||| READING scroll labelled QIVERA VOTOGA.
  3155 | D:5      | Entered Level 5 of the Dungeon
  3171 | D:5      | Noticed an ogre
  3183 | D:5      | Killed an ogre
  3184 | D:5      | Reached XP level 6. HP: 44/59 MP: 6/6
  3221 | D:5      | Reached skill level 7 in Unarmed Combat
  3312 | D:5      | 3312 ||| Stepping ~*~*~tactically~*~*~ (hiding).
  3362 | D:5      | Noticed Eustachio
  3369 | D:5      | Killed Eustachio
  3370 | D:5      | Reached skill level 8 in Unarmed Combat
  3370 | D:5      | Reached XP level 7. HP: 59/66 MP: 7/7
  3450 | D:5      | Found a shimmering altar of Xom.
  3470 | D:5      | 3470 ||| Stepping ~*~*~tactically~*~*~ (hiding).
  3471 | D:5      | 3471 ||| Stepping ~*~*~tactically~*~*~ (hiding).
  3684 | D:5      | 3684 ||| READING scroll labelled WAEFYLO RANISA.
  3685 | D:5      | 3685 ||| DRINKING 2 green potions.
  3686 | D:5      | 3686 ||| READING 3 scrolls of identify.
  3686 | D:5      | 3686 ||| IDENTIFYING smoky inky potion
  3687 | D:5      | 3687 ||| READING 2 scrolls of identify.
  3687 | D:5      | 3687 ||| IDENTIFYING bubbling ruby potion
  3688 | D:5      | 3688 ||| DROPPING potion of attraction.
  3734 | D:6      | Reached skill level 3 in Fighting
  3799 | D:6      | 3799 ||| Stepping ~*~*~tactically~*~*~ (stealth).
  3800 | D:6      | 3800 ||| Stepping ~*~*~tactically~*~*~ (stealth).
  3808 | D:6      | 3808 ||| FLEEEEING.
  3809 | D:6      | 3809 ||| FLEEEEING.
  3810 | D:6      | 3810 ||| FLEEEEING.
  3811 | D:6      | 3811 ||| FLEEEEING.
  3812 | D:6      | 3812 ||| FLEEEEING.
  3813 | D:6      | 3813 ||| FLEEEEING.
  3814 | D:6      | 3814 ||| FLEEEEING.
  3844 | D:6      | 3844 ||| Stepping ~*~*~tactically~*~*~ (stealth).
  3848 | D:6      | 3848 ||| FLEEEEING.
  3852 | D:6      | 3852 ||| FLEEEEING.
  3853 | D:6      | 3853 ||| FLEEEEING.
  3857 | D:6      | 3857 ||| Stepping ~*~*~tactically~*~*~ (hiding).
  3865 | D:6      | 3865 ||| FLEEEEING.
  3866 | D:6      | 3866 ||| FLEEEEING.
  3867 | D:6      | 3867 ||| FLEEEEING.
  3868 | D:6      | 3868 ||| FLEEEEING.
  3869 | D:6      | 3869 ||| FLEEEEING.
  3870 | D:6      | 3870 ||| FLEEEEING.
  3871 | D:6      | 3871 ||| FLEEEEING.
  3872 | D:6      | 3872 ||| FLEEEEING.
  4118 | D:6      | 4118 ||| INVOKING Fiery Armour.
  4122 | D:6      | Reached skill level 9 in Unarmed Combat
  4122 | D:6      | Reached XP level 8. HP: 75/75 MP: 8/8
  4125 | D:6      | Reached skill level 1 in Throwing
  4198 | D:6      | 4198 ||| DRINKING 2 inky potions.
  4199 | D:6      | 4199 ||| READING 4 scrolls of identify.
  4199 | D:6      | 4199 ||| IDENTIFYING fizzy purple potion
  4200 | D:6      | 4200 ||| READING 3 scrolls of identify.
  4200 | D:6      | 4200 ||| IDENTIFYING smoky purple potion
  4201 | D:6      | 4201 ||| DROPPING potion of degeneration.
  4202 | D:6      | 4202 ||| DROPPING potion of flight.
  4255 | D:7      | 4255 ||| Stepping ~*~*~tactically~*~*~ (hiding).
  4314 | D:7      | 4314 ||| INVOKING Fiery Armour.
  4315 | D:7      | 4315 ||| Stepping ~*~*~tactically~*~*~ (outnumbered).
  4316 | D:7      | 4316 ||| Stepping ~*~*~tactically~*~*~ (outnumbered).
  4317 | D:7      | 4317 ||| Stepping ~*~*~tactically~*~*~ (outnumbered).
  4318 | D:7      | 4318 ||| Stepping ~*~*~tactically~*~*~ (outnumbered).
  4319 | D:7      | 4319 ||| Stepping ~*~*~tactically~*~*~ (outnumbered).
  4320 | D:7      | 4320 ||| Stepping ~*~*~tactically~*~*~ (outnumbered).
  4321 | D:7      | 4321 ||| Stepping ~*~*~tactically~*~*~ (outnumbered).
  4322 | D:7      | 4322 ||| Stepping ~*~*~tactically~*~*~ (outnumbered).
  4323 | D:7      | 4323 ||| Stepping ~*~*~tactically~*~*~ (hiding).
  4327 | D:7      | 4327 ||| Stepping ~*~*~tactically~*~*~ (outnumbered).
  4328 | D:7      | 4328 ||| Stepping ~*~*~tactically~*~*~ (outnumbered).
  4424 | D:7      | 4424 ||| Stepping ~*~*~tactically~*~*~ (hiding).
  4504 | D:7      | 4504 ||| Stepping ~*~*~tactically~*~*~ (stealth).
  4526 | D:7      | Found Wyinacw's Magic Scroll Boutique.
  4532 | D:7      | 4532 ||| BUYING scroll of brand weapon (133 gold).
  4532 | D:7      | Bought a scroll of brand weapon for 133 gold pieces
  4532 | D:7      | 4532 ||| BUYING scroll of enchant armour (105 gold).
  4532 | D:7      | Bought a scroll of enchant armour for 105 gold pieces
  4532 | D:7      | 4532 ||| BUYING scroll of identify (28 gold).
  4532 | D:7      | Bought a scroll of identify for 28 gold pieces
  4532 | D:7      | 4532 ||| BUYING scroll of identify (28 gold).
  4532 | D:7      | Bought a scroll of identify for 28 gold pieces
  4532 | D:7      | 4532 ||| BUYING scroll of identify (28 gold).
  4532 | D:7      | Bought a scroll of identify for 28 gold pieces
  4532 | D:7      | 4532 ||| BUYING scroll of identify (28 gold).
  4532 | D:7      | Bought a scroll of identify for 28 gold pieces
  4532 | D:7      | 4532 ||| SHOPLISTING scroll of identify (28 gold, have 17).
  4532 | D:7      | 4532 ||| SHOPLISTING scroll of teleportation (42 gold, have
                  | 17).
  4554 | D:7      | 4554 ||| Stepping ~*~*~tactically~*~*~ (stealth).
  4555 | D:7      | 4555 ||| Stepping ~*~*~tactically~*~*~ (stealth).
  4558 | D:7      | 4558 ||| Stepping ~*~*~tactically~*~*~ (stealth).
  4559 | D:7      | 4559 ||| Stepping ~*~*~tactically~*~*~ (stealth).
  4572 | D:7      | Reached skill level 10 in Unarmed Combat
  4591 | D:7      | 4591 ||| Stepping ~*~*~tactically~*~*~ (outnumbered).
  4592 | D:7      | 4592 ||| Stepping ~*~*~tactically~*~*~ (outnumbered).
  4593 | D:7      | 4593 ||| Stepping ~*~*~tactically~*~*~ (outnumbered).
  4594 | D:7      | 4594 ||| Stepping ~*~*~tactically~*~*~ (outnumbered).
  4595 | D:7      | 4595 ||| Stepping ~*~*~tactically~*~*~ (outnumbered).
  4596 | D:7      | 4596 ||| Stepping ~*~*~tactically~*~*~ (outnumbered).
  4597 | D:7      | 4597 ||| Stepping ~*~*~tactically~*~*~ (outnumbered).
  4602 | D:7      | 4602 ||| INVOKING Fiery Armour.
  4679 | D:7      | 4679 ||| Stepping ~*~*~tactically~*~*~ (outnumbered).
  4680 | D:7      | 4680 ||| Stepping ~*~*~tactically~*~*~ (outnumbered).
  4682 | D:7      | Reached XP level 9. HP: 73/84 MP: 9/9
  4700 | D:7      | 4700 ||| Stepping ~*~*~tactically~*~*~ (stealth).
  4702 | D:7      | 4702 ||| Stepping ~*~*~tactically~*~*~ (stealth).
  4706 | D:7      | Reached skill level 11 in Unarmed Combat
  4724 | D:7      | 4724 ||| Stepping ~*~*~tactically~*~*~ (stealth).
  4729 | D:7      | 4729 ||| Stepping ~*~*~tactically~*~*~ (stealth).
  4886 | D:7      | 4886 ||| Stepping ~*~*~tactically~*~*~ (outnumbered).
  4887 | D:7      | 4887 ||| Stepping ~*~*~tactically~*~*~ (outnumbered).
  4888 | D:7      | 4888 ||| Stepping ~*~*~tactically~*~*~ (outnumbered).
  4889 | D:7      | 4889 ||| Stepping ~*~*~tactically~*~*~ (outnumbered).
  4944 | D:7      | Found a blossoming altar of Fedhas.
  5222 | D:7      | 5222 ||| DRINKING 2 smoky grey potions.
  5223 | D:7      | 5223 ||| READING 6 scrolls of identify.
  5223 | D:7      | 5223 ||| IDENTIFYING fuming red potion
  5224 | D:7      | 5224 ||| DRINKING potion of experience.
  5224 | D:7      | Reached skill level 15 in Unarmed Combat
  5224 | D:7      | Reached XP level 10. HP: 92/92 MP: 10/10
  5225 | D:7      | 5225 ||| DROPPING potion of brilliance.
  5351 | D:8      | 5351 ||| Stepping ~*~*~tactically~*~*~ (hiding).
  5435 | D:8      | Reached skill level 3 in Dodging
  5435 | D:8      | 5435 ||| Stepping ~*~*~tactically~*~*~ (hiding).
  5444 | D:8      | 5444 ||| Stepping ~*~*~tactically~*~*~ (outnumbered).
  5445 | D:8      | 5445 ||| Stepping ~*~*~tactically~*~*~ (outnumbered).
  5447 | D:8      | 5447 ||| Stepping ~*~*~tactically~*~*~ (outnumbered).
  5473 | D:8      | Noticed Gastronok
  5474 | D:8      | 5474 ||| FLEEEEING.
  5475 | D:8      | 5475 ||| FLEEEEING.
  5492 | D:8      | 5492 ||| Stepping ~*~*~tactically~*~*~ (hiding).
  5495 | D:8      | 5495 ||| Stepping ~*~*~tactically~*~*~ (hiding).
  5510 | D:8      | Killed Gastronok
  5511 | D:8      | Reached skill level 6 in Fighting
  5656 | D:8      | Noticed Grum
  5657 | D:8      | 5657 ||| Stepping ~*~*~tactically~*~*~ (hiding).
  5661 | D:8      | 5661 ||| INVOKING Fiery Armour.
  5674 | D:8      | Reached XP level 11. HP: 72/105 MP: 11/11
  5678 | D:8      | Killed Grum
  5799 | D:8      | Found a runed translucent gate.
  5799 | D:8      | Found a runed translucent gate.
  5800 | D:8      | Found a runed translucent gate.
  5802 | D:8      | Noticed qw's ghost (novice TeWr)
  5954 | D:8      | 5954 ||| INVOKING Fiery Armour.
  5958 | D:8      | Reached skill level 16 in Unarmed Combat
  6195 | D:8      | 6195 ||| UPGRADING to +2 hat.
  6200 | D:8      | 6200 ||| UPGRADING to ring of protection from cold.
  6201 | D:8      | 6201 ||| DRINKING 2 black potions.
  6202 | D:8      | 6202 ||| READING 7 scrolls of identify.
  6202 | D:8      | 6202 ||| IDENTIFYING amethyst potion
  6222 | D:9      | 6222 ||| STAIRDANCE
  6287 | D:9      | 6287 ||| Stepping ~*~*~tactically~*~*~ (outnumbered).
  6360 | D:9      | 6360 ||| Stepping ~*~*~tactically~*~*~ (hiding).
  6462 | D:9      | 6462 ||| Stepping ~*~*~tactically~*~*~ (hiding).
  6732 | D:9      | 6732 ||| Stepping ~*~*~tactically~*~*~ (stealth).
  6739 | D:9      | 6739 ||| Stepping ~*~*~tactically~*~*~ (stealth).
  6741 | D:9      | 6741 ||| Stepping ~*~*~tactically~*~*~ (stealth).
  6743 | D:9      | 6743 ||| Stepping ~*~*~tactically~*~*~ (stealth).
  6745 | D:9      | 6745 ||| Stepping ~*~*~tactically~*~*~ (stealth).
  6787 | D:9      | 6787 ||| Stepping ~*~*~tactically~*~*~ (hiding).
  6788 | D:9      | 6788 ||| Stepping ~*~*~tactically~*~*~ (hiding).
  6826 | D:9      | Noticed a two-headed ogre
  6832 | D:9      | Killed a two-headed ogre
  6951 | D:9      | Found a hazy altar of Hepliaklqana.
  6955 | D:9      | 6955 ||| Stepping ~*~*~tactically~*~*~ (stealth).
  6956 | D:9      | 6956 ||| Stepping ~*~*~tactically~*~*~ (stealth).
  6966 | D:9      | Found a snail-covered altar of Cheibriados.
  7215 | D:9      | 7215 ||| UPGRADING to amulet of regeneration.
  7248 | D:10     | Entered Level 10 of the Dungeon
  7254 | D:10     | Noticed Fannar
  7276 | D:10     | Killed Fannar
  7385 | D:10     | 7385 ||| Stepping ~*~*~tactically~*~*~ (hiding).
  7487 | D:10     | 7487 ||| Stepping ~*~*~tactically~*~*~ (hiding).
  7488 | D:10     | 7488 ||| Stepping ~*~*~tactically~*~*~ (hiding).
  7491 | D:10     | 7491 ||| Stepping ~*~*~tactically~*~*~ (outnumbered).
  7494 | D:10     | 7494 ||| DRINKING potion of curing.
  7494 | D:10     | 7494 ||| (to cure confusion)
  7496 | D:10     | 7496 ||| Stepping ~*~*~tactically~*~*~ (outnumbered).
  7635 | D:10     | Noticed a two-headed ogre
  7642 | D:10     | 7642 ||| INVOKING Fiery Armour.
  7644 | D:10     | Killed a two-headed ogre
  7768 | D:10     | You fall into a shaft and drop 1 floor!
  7793 | D:11     | Found a portal to a secret trove of treasure.
  7795 | D:11     | 7795 ||| Stepping ~*~*~tactically~*~*~ (stealth).
  7797 | D:11     | 7797 ||| Stepping ~*~*~tactically~*~*~ (stealth).
  7800 | D:11     | 7800 ||| Stepping ~*~*~tactically~*~*~ (stealth).
  7802 | D:11     | 7802 ||| Stepping ~*~*~tactically~*~*~ (stealth).
  7804 | D:11     | 7804 ||| Stepping ~*~*~tactically~*~*~ (stealth).
  7878 | D:11     | 7878 ||| Stepping ~*~*~tactically~*~*~ (stealth).
  7991 | D:11     | 7991 ||| Stepping ~*~*~tactically~*~*~ (stealth).
  7992 | D:11     | 7992 ||| DROPPING amulet of magic regeneration.
  7993 | D:11     | 7993 ||| READING 2 scrolls labelled BUTRIN PYHUDUG.
  7999 | D:11     | 7999 ||| READING scroll labelled QACHIELAINONI.
  7999 | D:11     | Identified a scroll of acquirement
  7999 | D:11     | 7999 ||| ACQUIRING 1056 gold pieces
  7999 | D:11     | Acquired 1056 gold pieces
  8001 | D:11     | 8001 ||| DROPPING scroll of immolation.
  8005 | D:11     | 8005 ||| Stepping ~*~*~tactically~*~*~ (stealth).
  8055 | D:10     | Reached skill level 17 in Unarmed Combat
  8071 | D:10     | Found a staircase to the Orcish Mines.
  8279 | D:10     | Found a glowing silver altar of Zin.
  8283 | D:10     | Found a basalt altar of Yredelemnul.
  8371 | D:10     | 8371 ||| Stepping ~*~*~tactically~*~*~ (stealth).
  8374 | D:10     | 8374 ||| Stepping ~*~*~tactically~*~*~ (hiding).
  8380 | D:10     | 8380 ||| Stepping ~*~*~tactically~*~*~ (hiding).
  8409 | D:10     | 8409 ||| Stepping ~*~*~tactically~*~*~ (stealth).
  8410 | D:10     | 8410 ||| Stepping ~*~*~tactically~*~*~ (stealth).
  8412 | D:10     | 8412 ||| Stepping ~*~*~tactically~*~*~ (stealth).
  8414 | D:10     | 8414 ||| Stepping ~*~*~tactically~*~*~ (hiding).
  8416 | D:10     | 8416 ||| Stepping ~*~*~tactically~*~*~ (hiding).
  8679 | D:10     | 8679 ||| UPGRADING to +0 cloak.
  8684 | D:10     | 8684 ||| READING scroll of enchant armour.
  8684 | D:10     | 8684 ||| ENCHANTING +0 cloak.
  8685 | D:10     | 8685 ||| UPGRADING to ring of resist corrosion.
  8686 | D:10     | 8686 ||| READING 2 scrolls labelled DUFOSEBLAX.
  8687 | D:10     | 8687 ||| DROPPING scroll of poison.
  8736 | D:11     | 8736 ||| STAIRDANCE
  8805 | D:11     | 8805 ||| Stepping randomly (disturbance).
  8807 | D:11     | 8807 ||| Stepping randomly (disturbance).
  8809 | D:11     | 8809 ||| Stepping randomly (disturbance).
  8818 | D:11     | Reached skill level 1 in Armour
  8833 | D:11     | 8833 ||| READING scroll of enchant armour.
  8833 | D:11     | 8833 ||| ENCHANTING +1 cloak.
  8889 | D:11     | Noticed a two-headed ogre
  8890 | D:11     | 8890 ||| INVOKING Fiery Armour.
  8892 | D:11     | Killed a two-headed ogre
  8893 | D:11     | Reached XP level 12. HP: 97/118 MP: 12/12
  8897 | D:11     | 8897 ||| Stepping ~*~*~tactically~*~*~ (outnumbered).
  8898 | D:11     | 8898 ||| Stepping ~*~*~tactically~*~*~ (outnumbered).
  8899 | D:11     | 8899 ||| Stepping ~*~*~tactically~*~*~ (outnumbered).
  8911 | D:11     | 8911 ||| Stepping ~*~*~tactically~*~*~ (outnumbered).
  8912 | D:11     | 8912 ||| Stepping ~*~*~tactically~*~*~ (outnumbered).
  8921 | D:11     | 8921 ||| Stepping ~*~*~tactically~*~*~ (outnumbered).
  8922 | D:11     | 8922 ||| Stepping ~*~*~tactically~*~*~ (outnumbered).
  8952 | D:11     | Found a staircase to the Lair.
  9143 | D:11     | 9143 ||| PLANNING LAIR
  9191 | Lair:1   | Entered Level 1 of the Lair of Beasts
  9195 | Lair:1   | 9195 ||| Stepping ~*~*~tactically~*~*~ (stealth).
  9202 | Lair:1   | 9202 ||| Stepping ~*~*~tactically~*~*~ (outnumbered).
  9203 | Lair:1   | 9203 ||| Stepping ~*~*~tactically~*~*~ (outnumbered).
  9204 | Lair:1   | 9204 ||| Stepping ~*~*~tactically~*~*~ (stealth).
  9205 | Lair:1   | 9205 ||| Stepping ~*~*~tactically~*~*~ (outnumbered).
  9206 | Lair:1   | 9206 ||| Stepping ~*~*~tactically~*~*~ (outnumbered).
  9207 | Lair:1   | 9207 ||| Stepping ~*~*~tactically~*~*~ (outnumbered).
  9208 | Lair:1   | 9208 ||| Stepping ~*~*~tactically~*~*~ (outnumbered).
  9209 | Lair:1   | 9209 ||| Stepping ~*~*~tactically~*~*~ (outnumbered).
  9210 | Lair:1   | 9210 ||| Stepping ~*~*~tactically~*~*~ (outnumbered).
  9211 | Lair:1   | 9211 ||| Stepping ~*~*~tactically~*~*~ (outnumbered).
  9214 | Lair:1   | 9214 ||| Stepping ~*~*~tactically~*~*~ (outnumbered).
  9291 | Lair:1   | Reached skill level 18 in Unarmed Combat
  9880 | Lair:1   | 9880 ||| UPGRADING to +0 tower shield.
  9949 | Lair:2   | Reached skill level 1 in Shields
  9960 | Lair:2   | Found a staircase to the Swamp.
 10212 | Lair:2   | 10212 ||| Stepping ~*~*~tactically~*~*~ (stealth).
 10213 | Lair:2   | 10213 ||| Stepping ~*~*~tactically~*~*~ (stealth).
 10220 | Lair:2   | 10220 ||| Stepping ~*~*~tactically~*~*~ (outnumbered).
 10224 | Lair:2   | Reached skill level 3 in Shields
 10298 | Lair:2   | Noticed Nergalle
 10317 | Lair:2   | Killed Nergalle
 10363 | Lair:2   | Noticed Sonja
 10364 | Lair:2   | 10364 ||| INVOKING Fiery Armour.
 10369 | Lair:2   | Killed Sonja
 10647 | Lair:2   | 10647 ||| UPGRADING to +6 ring of dexterity.
 10649 | Lair:2   | 10649 ||| READING scroll labelled WUFATW TOBBUN.
 10717 | Lair:3   | 10717 ||| PLANNING GAUNTLET
 10723 | Lair:3   | Noticed an eight-headed hydra
 10724 | Lair:3   | 10724 ||| INVOKING Fiery Armour.
 10731 | Lair:3   | Killed a ten-headed hydra
 10816 | Lair:3   | Found a gate leading to a gauntlet.
 10825 | Gauntlet | Entered a Gauntlet
 10825 | Gauntlet | Found a transporter.
 10825 | Gauntlet | Found a transporter.
 10825 | Gauntlet | Found a transporter.
 10841 | Gauntlet | Found a transporter.
 10845 | Gauntlet | Found a transporter.
 10859 | Gauntlet | Found a transporter.
 10860 | Gauntlet | Found a transporter.
 10866 | Gauntlet | Noticed a green death
 10869 | Gauntlet | Found a transporter.
 10890 | Gauntlet | Found a transporter.
 10907 | Gauntlet | Found a transporter.
 10911 | Gauntlet | Found a transporter.
 10921 | Gauntlet | Found a transporter.
 11016 | Gauntlet | 11016 ||| Stepping ~*~*~tactically~*~*~ (outnumbered).
 11024 | Gauntlet | 11024 ||| Stepping ~*~*~tactically~*~*~ (outnumbered).
 11034 | Gauntlet | Reached skill level 6 in Shields
 11044 | Gauntlet | 11044 ||| Stepping ~*~*~tactically~*~*~ (stealth).
 11047 | Gauntlet | 11047 ||| Stepping ~*~*~tactically~*~*~ (outnumbered).
 11048 | Gauntlet | 11048 ||| Stepping ~*~*~tactically~*~*~ (outnumbered).
 11077 | Gauntlet | 11077 ||| READING scroll labelled CYIPRA HERIFA.
 11183 | Gauntlet | 11183 ||| Stepping randomly (stuck).
 11184 | Gauntlet | 11184 ||| Stepping randomly (stuck).
 11185 | Gauntlet | 11185 ||| Stepping randomly (stuck).
 11193 | Gauntlet | Killed a green death
 11195 | Gauntlet | 11195 ||| INVOKING Fiery Armour.
 11239 | Gauntlet | Identified the ring of Tosoan {rPois rF+ rCorr Int-4}
 11241 | Gauntlet | 11241 ||| UPGRADING to ring of Tosoan {rPois rF+ rCorr
                  | Int-4}.
 11243 | Gauntlet | 11243 ||| DROPPING ring of resist corrosion.
 11244 | Gauntlet | 11244 ||| UPGRADING to ring of protection from cold.
 11257 | Gauntlet | Noticed a minotaur
 11258 | Gauntlet | 11258 ||| Stepping ~*~*~tactically~*~*~ (stealth).
 11264 | Gauntlet | Killed a minotaur
 11275 | Gauntlet | Identified the ring of Trepidation {Will+ EV+4 Int+6}
 11329 | Gauntlet | 11329 ||| DROPPING ring of ice.
 11330 | Gauntlet | 11330 ||| UPGRADING to ring of Trepidation {Will+ EV+4
                  | Int+6}.
 11332 | Gauntlet | 11332 ||| UPGRADING to ring of Tosoan {rPois rF+ rCorr
                  | Int-4}.
 11348 | Lair:3   | 11348 ||| PLANNING LAIR
 11408 | Lair:3   | Found a staircase to the Snake Pit.
 11409 | Lair:3   | 11409 ||| Stepping ~*~*~tactically~*~*~ (hiding).
 11511 | Lair:3   | 11511 ||| Stepping ~*~*~tactically~*~*~ (hiding).
 11762 | Lair:3   | Noticed a catoblepas
 11763 | Lair:3   | 11763 ||| INVOKING Fiery Armour.
 11769 | Lair:3   | Killed a catoblepas
 11770 | Lair:3   | Reached XP level 13. HP: 98/127 MP: 13/13
 12242 | Lair:4   | 12242 ||| STAIRDANCE
 12244 | Lair:3   | 12244 ||| Stepping ~*~*~tactically~*~*~ (outnumbered).
 12245 | Lair:3   | 12245 ||| Stepping ~*~*~tactically~*~*~ (outnumbered).
 12246 | Lair:3   | 12246 ||| Stepping ~*~*~tactically~*~*~ (outnumbered).
 12260 | Lair:4   | 12260 ||| Stepping ~*~*~tactically~*~*~ (outnumbered).
 12261 | Lair:4   | 12261 ||| Stepping ~*~*~tactically~*~*~ (outnumbered).
 12262 | Lair:4   | 12262 ||| Stepping ~*~*~tactically~*~*~ (outnumbered).
 12263 | Lair:4   | 12263 ||| Stepping ~*~*~tactically~*~*~ (outnumbered).
 12264 | Lair:4   | 12264 ||| Stepping ~*~*~tactically~*~*~ (outnumbered).
 12265 | Lair:4   | 12265 ||| Stepping ~*~*~tactically~*~*~ (outnumbered).
 12266 | Lair:4   | 12266 ||| Stepping ~*~*~tactically~*~*~ (outnumbered).
 12270 | Lair:4   | 12270 ||| Stepping ~*~*~tactically~*~*~ (outnumbered).
 12271 | Lair:4   | 12271 ||| Stepping ~*~*~tactically~*~*~ (outnumbered).
 12272 | Lair:4   | 12272 ||| Stepping ~*~*~tactically~*~*~ (outnumbered).
 12274 | Lair:4   | 12274 ||| Stepping ~*~*~tactically~*~*~ (outnumbered).
 12275 | Lair:4   | 12275 ||| Stepping ~*~*~tactically~*~*~ (outnumbered).
 12276 | Lair:4   | 12276 ||| Stepping ~*~*~tactically~*~*~ (outnumbered).
 12277 | Lair:4   | 12277 ||| Stepping ~*~*~tactically~*~*~ (outnumbered).
 12385 | Lair:4   | 12385 ||| INVOKING Fiery Armour.
 12432 | Lair:4   | 12432 ||| Stepping ~*~*~tactically~*~*~ (outnumbered).
 12433 | Lair:4   | 12433 ||| Stepping ~*~*~tactically~*~*~ (outnumbered).
 12434 | Lair:4   | 12434 ||| Stepping ~*~*~tactically~*~*~ (outnumbered).
 12435 | Lair:4   | 12435 ||| Stepping ~*~*~tactically~*~*~ (outnumbered).
 12436 | Lair:4   | 12436 ||| Stepping ~*~*~tactically~*~*~ (outnumbered).
 12437 | Lair:4   | 12437 ||| Stepping ~*~*~tactically~*~*~ (outnumbered).
 12438 | Lair:4   | 12438 ||| Stepping ~*~*~tactically~*~*~ (outnumbered).
 12439 | Lair:4   | 12439 ||| Stepping ~*~*~tactically~*~*~ (outnumbered).
 12440 | Lair:4   | 12440 ||| Stepping ~*~*~tactically~*~*~ (outnumbered).
 12442 | Lair:4   | 12442 ||| Stepping ~*~*~tactically~*~*~ (outnumbered).
 12481 | Lair:4   | 12481 ||| PLANNING TEMPLE
 12730 | Temple   | Entered the Ecumenical Temple
 12811 | Temple   | 12811 ||| PLANNING CONVERSION TO OKAWARU
 12818 | Temple   | Fell from the grace of Ignis
 12818 | Temple   | Became a worshipper of Warmaster Okawaru
 12819 | Temple   | 12819 ||| PLANNING LAIR
 13162 | Lair:4   | Reached skill level 9 in Shields
 13236 | Lair:4   | You fall into a shaft and drop 1 floor!
 13236 | Lair:5   | Entered Level 5 of the Lair of Beasts
 13239 | Lair:5   | 13239 ||| Stepping ~*~*~tactically~*~*~ (stealth).
 13240 | Lair:5   | 13240 ||| Stepping ~*~*~tactically~*~*~ (stealth).
 13253 | Lair:5   | 13253 ||| Stepping ~*~*~tactically~*~*~ (outnumbered).
 13256 | Lair:5   | 13256 ||| Stepping ~*~*~tactically~*~*~ (outnumbered).
 13256 | Lair:5   | HP: 15/127 [rime drake/flash freeze (20)]
 13257 | Lair:5   | 13257 ||| READING 5 scrolls of teleportation.
 13257 | Lair:5   | HP: 2/127 [eight-headed hydra (11)]
 13257 | Lair:5   | Slain by an eight-headed hydra

Levels and vault maps discovered:
D:1:      spicycebolla_arrival_transporter_tutorial, layout_rooms, serial_shops,
          nicolae_shop_behind_doors, shapermc_ecumenical_altar_rom_forum
D:2:      layout_basic, uniq_crazy_yiuf_cottage
D:3:      minmay_evil_eye, layout_basic
D:4:      layout_cave_pods, minmay_temple_entry_overgrown,
          gammafunk_ghost_smash, roderic_batcave
D:5:      layout_rooms, lemuel_tele_altar, nrook_uturn, uniq_eustachio
D:6:      layout_cave_pools
D:7:      layout_gridville, fedhas_altar_1, serial_shops, kennysheep_little_box,
          grunt_tough_drop
D:8:      layout_loops_ring, gammafunk_ghost_necromancy, uniq_grum,
          uniq_gastronok
D:9:      layout_loops_ring, grunt_temple_overflow_open
D:10:     layout_stronghold, minitemple, orc_0_dummy, uniq_fannar
D:11:     layout_loops_ring, erik_lair_island, enter_trove_2
Temple:   nicolae_temple_superstar
Lair:1:   layout_regular_city, st_stairs_11, grunt_megastairs_3
Lair:2:   layout_concentric_octagons, swamp_mist, serial_bayou_shore_b,
          serial_bayou_shore_b, infiniplex_staircase_pool, uniq_sonja,
          uniq_nergalle
Lair:3:   layout_roguey, guppyfry_snake_entry_garden,
          nicolae_volcano_entry_lava_flow, gauntlet_entry_generic
Lair:4:   layout_hall_layers, eino_small_chamber_without_monster
Lair:5:   hellmonk_lair_end_abyssal_woods, layout_misc_corridors,
          nicolae_slime_entry_slimehenge

Skill      XL: |  1  2  3  4  5  6  7  8  9 10 11 12 13 |
---------------+----------------------------------------+-----
Unarmed Combat | 4 5 6 8 9 10 15 17 18 | 18.0
Dodging        | 1 2 3 4 |  4.0
Fighting       | 3 4 6 7 8 |  8.0
Throwing       | 1 2 |  2.1
Armour         | 1 |  1.5
Shields        | 7 9 |  9.3
Spellcasting   | |  1.0
Fire Magic     | |  2.1

Action                   |  1- 3 |  4- 6 |  7- 9 | 10-12 | 13-15 || total
-------------------------+-------+-------+-------+-------+-------++-------
Melee: Unarmed           |   131 |    99 |   129 |   421 |    82 ||   862
       Punch             |     1 |     2 |     7 |    22 |       ||    32
Throw: Boomerang         |       |       |    37 |    84 |       ||   121
       Javelin           |       |       |       |     4 |    24 ||    28
Invok: Fiery Armour      |       |     1 |     3 |     8 |     1 ||    13
  Use: Scroll            |     6 |     6 |     6 |     8 |     1 ||    27
       Potion            |       |     1 |     4 |     2 |       ||     7
Armor: Robe              |    66 |    51 |    37 |   151 |    23 ||   328
Dodge: Dodged            |    53 |    46 |    35 |   154 |    39 ||   327
Block: Tower shield      |       |       |       |    68 |    57 ||   125

Table legend:
 A = Non-vault XP
 B = Vault XP
 C = Vault XP percentage of total XP
 D = Non-vault monster count
 E = Vault monster count
 F = Vault count percentage of total count
                 A         B        C        D         E       F
            +---------+---------+-------+---------+---------+-------
      Total |   32075 |   10676 |  25.0 |     280 |      48 |  14.6
            +---------+---------+-------+---------+---------+-------
        D:1 |      39 |       0 |   0.0 |      26 |       0 |   0.0
        D:2 |      48 |       0 |   0.0 |      18 |       0 |   0.0
        D:3 |      15 |       9 |  37.5 |       9 |       5 |  35.7
        D:4 |     171 |      14 |   7.6 |      16 |       9 |  36.0
        D:5 |     474 |     197 |  29.4 |      13 |       1 |   7.1
        D:6 |     631 |       0 |   0.0 |      11 |       0 |   0.0
        D:7 |    1673 |     216 |  11.4 |      38 |       1 |   2.6
        D:8 |    3033 |    2031 |  40.1 |      23 |       6 |  20.7
        D:9 |    2352 |       0 |   0.0 |      20 |       0 |   0.0
       D:10 |    2514 |     889 |  26.1 |      19 |       1 |   5.0
       D:11 |    5472 |     827 |  13.1 |      29 |       8 |  21.6
     Lair:1 |    2482 |     850 |  25.5 |      11 |       2 |  15.4
     Lair:2 |    3119 |    1561 |  33.4 |      15 |       2 |  11.8
     Lair:3 |    4315 |     306 |   6.6 |      11 |       2 |  15.4
     Lair:4 |    4448 |       0 |   0.0 |      18 |       0 |   0.0
     Lair:5 |    1024 |       0 |   0.0 |       2 |       0 |   0.0
   Gauntlet |     265 |    3776 |  93.4 |       1 |      11 |  91.7
            +---------+---------+-------+---------+---------+-------
